 Dungeon Crawl Stone Soup version 0.25.1-2-g60ff931df9 (webtiles) character file.

Game seed: 12108825965072452675

126 Kaiern the Skirmisher (level 5, -2/47 HPs)
             Began as a Hill Orc Fighter on Aug 19, 2020.
             Slain by a gnoll
             ... wielding a +0 flail
              (9 damage)
             ... on level 2 of the Dungeon.
             The game lasted 00:08:22 (2247 turns).

Kaiern the Skirmisher (Hill Orc Fighter)            Turns: 2247, Time: 00:08:23

Health: -2/47      AC:  7    Str: 20    XL:     5   Next: 10%
Magic:  5/5        EV:  7    Int:  8    God:
Gold:   95         SH:  9    Dex: 10    Spells: 4/4 levels left

rFire    . . .     SeeInvis .   a - +0 war axe
rCold    . . .     Gourm    .   c - +0 kite shield
rNeg     . . .     Faith    .   b - +0 scale mail
rPois    .         Spirit   .   (no helmet)
rElec    .         Reflect  .   (no cloak)
rCorr    .         Harm     .   (no gloves)
MR       .....                  (no boots)
Stlth    ..........             (no amulet)
HPRegen  0.15/turn              (no ring)
MPRegen  0.09/turn              (no ring)

@: no status effects
A: no striking features
a: no special abilities


You were on level 2 of the Dungeon.
You were not hungry.

You visited 1 branch of the dungeon, and saw 3 of its levels.

You collected 95 gold pieces.

Inventory:

Hand Weapons
 a - a +0 war axe (weapon)
Missiles
 e - 95 stones (quivered)
Armour
 b - a +0 scale mail (worn)
 c - a +0 kite shield (worn)
Wands
 m - a wand of random effects (5)
Scrolls
 h - a scroll of blinking {unknown}
 i - 3 scrolls of fog {unknown}
 o - a scroll of remove curse {unknown}
 p - a scroll of teleportation {unknown}
 q - a scroll of immolation {unknown}
 r - a scroll of identify {unknown}
Potions
 d - a potion of might
 j - a potion of cancellation {unknown}
 k - a potion of curing {unknown}
 l - a potion of flight {unknown}
 n - a potion of berserk rage {unknown}
Comestibles
 f - 5 rations


   Skills:
 + Level 4.8 Fighting
 - Level 2.6 Axes
 + Level 4.4 Armour
 + Level 4.4 Shields


You had 4 spell levels left.
You didn't know any spells.
Your spell library was empty.

Dungeon Overview and Level Annotations

Branches:
Dungeon (3/15)

Altars:
Qazlal


Message History

The leopard gecko bites you. The gnoll hits you with a +0 flail!
You are too injured to fight recklessly!
The leopard gecko bites you but does no damage.
The leopard gecko bites you.
* * * LOW HITPOINT WARNING * * *
Things that are here:
a +0 club; a gnoll corpse You are too injured to fight recklessly!
You are too injured to fight recklessly!
You are too injured to fight recklessly!
You are too injured to fight recklessly!
You are too injured to fight recklessly!
You slash the leopard gecko!
You kill the leopard gecko!
The gnoll hits you with a +0 flail.
* * * LOW HITPOINT WARNING * * *
You hit the gnoll.
The gnoll is heavily wounded.
The gnoll hits you with a +0 flail!
You die...

########...##.##.............>.##
#.....##.#..#...............
#.##.......##...........###.
#.###.#...)...#.....##### #. #.#
#.#....>#...##..# #. #.#
#.#..#.)#.####..# ##. #.#
#.###...#.# #..# #.. ##.#
#...[.#g#.####### ###
#..###..####@#.##..# ##.#.....#
#...##..########## #...)###.##
###......#.#.#.#.# #....#
#..####..#...#.#.#.#.#. #....#
##......####..###.###.#
###########.......####.#.#.#.#.#.
#...........#####...##..#.#.#.#.#
#..........######...#############
#...................####


You could see a gnoll.

Vanquished Creatures
  Jessica (D:2)
  2 gnolls
  2 adders (D:2)
  2 dart slugs (D:1)
  5 leopard geckos
  4 bats
  4 giant cockroaches
  6 goblins
  5 hobgoblins
  4 jackals
  9 kobolds
  4 frilled lizards
  7 rats
55 creatures vanquished.

Notes
Turn   | Place    | Note
-------+----------+-------------------------------------------
     0 | D:1      | Kaiern the Hill Orc Fighter began the quest for the Orb.
     0 | D:1      | Reached XP level 1. HP: 19/19 MP: 1/1
   108 | D:1      | Reached XP level 2. HP: 27/27 MP: 2/2
   658 | D:1      | Reached XP level 3. HP: 33/33 MP: 3/3
   943 | D:2      | Found a stormy altar of Qazlal.
  1106 | D:2      | Reached XP level 4. HP: 41/41 MP: 4/4
  1216 | D:2      | Noticed Jessica
  1240 | D:2      | Killed Jessica
  2193 | D:2      | Reached XP level 5. HP: 40/47 MP: 5/5
  2247 | D:2      | Slain by a gnoll

Illustrated notes

Levels and vault maps discovered:
D:1:      dpeg_arrival_solitude, layout_basic, minmay_bisected
D:2:      layout_rooms, roderic_roman_lattice, grunt_qazlal_sundering,
          uniq_jessica
D:3:      layout_basic

Skill      XL: |  1  2  3 |
---------------+----------+-----
Fighting       | 4 |  4.8
Armour         | 4 |  4.4
Shields        | 4 |  4.4
Axes           | |  2.6

Action                   |  1- 3 |  4- 6 || total
-------------------------+-------+-------++-------
Melee: War axe           |   101 |    70 ||   171
  Eat: Chunk             |     1 |     4 ||     5
Armor: Scale mail        |    52 |    27 ||    79
Dodge: Dodged            |    42 |    31 ||    73
Block: Kite shield       |    67 |    39 ||   106
